Map: Catalyst LE

Players

JagrsMullets - Winner!

  • Race: Zerg Zerg
  • Spawn Location: 11:00

A.I. 1 (Harder)

  • Race: Terran Terran
  • Spawn Location: 5:00

VOD

Have the link to the VOD?

Description

Time

  • Played on: Dec. 25, 2017, 7:42 p.m.
  • Length: 22:10
Show
View Real Time Build Order
Export as new Build Order

JagrsMullets Zerg - Winner!

Build Orders: Pool First 

Get SALT Encoding   

  12  0:09  Overlord  
  12  0:13  Drone  
  13  0:17  Drone  
  14  0:37  Spawning Pool  
  14  0:42  Drone  
  14  1:05  Hatchery  
  13  1:15  Drone  
  13  1:16  Drone x2  
  16  1:27  Queen  
  18  1:38  Drone  
  18  1:39  Drone  
  20  1:43  Extractor  
  19  1:49  Zergling x2  
  20  2:01  Zergling x2  
  21  2:21  Queen  
  23  2:26  Zergling x4  
  25  2:33  Drone x2  
  25  2:35  Drone  
  28  2:48  Overlord x2  
  28  2:49  Overlord  
  28  2:55  Extractor  
  27  2:59  Lair  
  27  3:27  Drone x3  
  27  3:29  Zergling x2  
  27  3:30  Zergling x10  
  36  3:44  Drone  
  36  3:45  Drone x3  
  40  3:54  Drone x3  
  40  3:55  Drone  
  44  4:00  Drone  
  45  4:25  Drone x5  
  50  4:38  Hydralisk Den  
  49  4:43  Infestation Pit  
  49  4:44  Pneumatized Carapace  
  48  4:47  Drone x2  
  48  4:51  Extractor  
  49  4:53  Extractor  
  48  5:22  Spine Crawler  
  48  5:23  Spine Crawler  
  48  5:27  Spine Crawler  
  48  5:28  Spine Crawler  
  44  5:30  Spine Crawler  
  33  5:43  Hydralisk x2  
  33  5:44  Hydralisk x7  
  45  6:20  Queen  
  45  6:22  Queen  
  49  6:31  Drone x3  
  52  6:36  Overlord x3  
  52  6:43  Muscular Augments  
  52  7:25  Hydralisk x4  
  52  7:26  Hydralisk x2  
  64  7:52  Hatchery  
  64  7:53  Hydralisk x4  
  71  8:02  Drone x2  
  73  8:08  Hive  
  73  8:25  Hydralisk  
  75  8:28  Overlord x6  
  75  8:41  Metabolic Boost  
  75  9:01  Hydralisk x3  
  75  9:02  Hydralisk x5  
  67  9:37  Hydralisk x3  
  67  9:38  Hydralisk x6  
  75  9:39  Hydralisk  
  87  9:53  Drone x3  
  90  10:16  Queen  
  92  10:28  Hydralisk x4  
  92  10:29  Hydralisk x4  
  108  10:55  Hatchery  
  107  10:58  Adrenal Glands  
  107  11:09  Evolution Chamber  
  106  11:11  Evolution Chamber  
  106  11:15  Evolution Chamber  
  104  11:19  Zergling x14  
  111  11:41  Queen  
  113  12:02  Drone  
  113  12:03  Drone x6  
  113  12:04  Drone x4  
  124  12:15  Hydralisk  
  124  12:16  Hydralisk x3  
  124  12:22  Overlord  
  132  12:26  Overlord  
  132  12:32  Zerg Melee Weapons Level 1  
  132  12:34  Zerg Missile Weapons Level 1  
  132  12:38  Zerg Ground Armor Level 1  
  132  13:19  Zergling x8  
  132  13:20  Zergling x14  
  132  13:21  Zergling x2  
  98  13:49  Hatchery  
  97  13:59  Hydralisk x5  
  97  14:00  Hydralisk  
  109  14:36  Zergling x12  
  109  14:37  Zergling x10  
  109  14:38  Zergling x2  
  121  14:42  Zerg Melee Weapons Level 2, Zerg Missile Weapons Level 2  
  121  14:43  Zerg Ground Armor Level 2  
  121  14:55  Queen  
  123  15:04  Extractor  
  122  15:09  Extractor  
  121  15:34  Overlord x2  
  121  15:35  Overlord x3  
  121  15:37  Hydralisk x6  
  133  15:47  Zergling x8  
  125  16:35  Zergling x12  
  125  16:36  Zergling x14  
  125  16:37  Zergling x6  
  127  16:52  Hydralisk x5  
  137  17:29  Hydralisk x4  
  139  17:30  Hydralisk x6  
  142  18:16  Hydralisk x6  
  142  18:17  Hydralisk x3  
  160  19:00  Zergling x12  
  160  19:01  Hydralisk x3, Zergling x6  
  160  19:02  Hydralisk x3  
  141  19:52  Hydralisk x3  
  141  19:53  Hydralisk x5  
  141  19:54  Hydralisk x2  
  141  19:57  Zergling x2  
  147  21:03  Zergling x10  
  147  21:04  Zergling x14  
  155  21:05  Zergling x12  
Show
View Real Time Build Order
Export as new Build Order

A.I. 1 (Harder) Terran 

Build Orders: MMM Bio 

Get SALT Encoding   

  12  0:00  SCV  
  13  0:13  SCV  
  14  0:18  Supply Depot  
  14  0:25  SCV  
  15  0:40  SCV  
  16  0:44  Barracks  
  16  0:50  Refinery  
  16  0:52  SCV  
  17  1:04  SCV  
  18  1:16  SCV  
  19  1:21  Supply Depot  
  19  1:29  SCV  
  19  1:31  Marine  
  21  1:42  Barracks, Orbital Command  
  21  1:50  Barracks Tech Lab, Refinery  
  21  2:04  Factory  
  21  2:08  Marine  
  22  2:20  Supply Depot  
  22  2:26  Marine  
  22  2:29  Marine  
  24  2:44  Marine  
  24  2:47  Marine  
  24  2:48  Hellion  
  28  2:51  Supply Depot  
  28  3:02  Marine  
  28  3:05  Marine  
  30  3:09  Hellion  
  32  3:20  Marine  
  32  3:21  SCV  
  32  3:23  Marine  
  32  3:24  Supply Depot  
  35  3:31  Hellion  
  35  3:33  SCV  
  38  3:38  Marine  
  39  3:42  Engineering Bay  
  39  3:45  SCV  
  40  3:52  Hellion  
  42  3:57  SCV  
  43  4:09  SCV  
  44  4:13  Hellion  
  46  4:21  SCV  
  47  4:57  Barracks Tech Lab  
  47  4:58  Marauder  
  47  4:59  Factory, Factory Tech Lab, Stimpack  
  49  5:00  Supply Depot  
  49  5:02  Starport  
  49  5:06  Starport  
  49  5:09  Terran Infantry Weapons Level 1  
  49  5:15  Combat Shields  
  49  5:18  Marine  
  49  5:19  Marauder  
  52  5:31  Supply Depot  
  52  5:36  Reaper  
  52  5:41  Marauder, Starport Tech Lab  
  52  5:42  Starport Tech Lab, Factory Tech Lab  
  51  5:53  Command Center, Ghost Academy  
  51  6:02  Marauder  
  53  6:09  Marauder  
  49  6:23  Marauder  
  51  6:29  Ghost  
  53  6:34  Concussive Shells  
  53  6:44  Marine  
  54  6:48  Raven  
  56  6:58  Reaper  
  57  7:01  Missile Turret  
  57  7:02  Marine  
  57  7:03  Terran Infantry Armor Level 1  
  57  7:06  SCV  
  57  7:08  Missile Turret  
  59  7:11  SCV  
  60  7:16  Refinery  
  60  7:19  SCV  
  60  7:20  Marine  
  62  7:23  SCV  
  62  7:27  Raven  
  65  7:30  Marine  
  65  7:31  SCV  
  65  7:34  Bunker  
  65  7:36  SCV  
  68  7:38  Marine  
  68  7:43  SCV, Missile Turret  
  70  7:48  SCV, Marine  
  72  7:55  SCV, Missile Turret  
  73  8:00  SCV  
  74  8:07  SCV  
  74  8:08  Sensor Tower  
  74  8:12  SCV  
  76  8:17  Bunker  
  76  8:19  SCV  
  77  8:22  Supply Depot  
  77  8:24  SCV  
  78  8:31  SCV  
  78  8:33  Armory  
  79  8:36  SCV  
  80  8:43  SCV  
  80  8:45  Barracks  
  81  8:48  SCV  
  81  8:52  Siege Tank  
  85  8:57  Supply Depot  
  85  9:09  Command Center  
  85  9:16  Siege Tank  
  74  9:24  Factory  
  74  9:25  Marine  
  74  9:30  Marine  
  60  9:32  Barracks Reactor  
  60  9:35  Hellion  
  56  9:42  Starport  
  56  9:43  Marine, Raven  
  59  9:49  Marine  
  60  9:56  Hellion  
  60  9:57  Raven  
  60  9:58  Refinery  
  64  10:01  Marine  
  64  10:07  Marine  
  65  10:09  Factory Tech Lab  
  65  10:13  Siege Tank  
  69  10:19  Starport Reactor  
  69  10:27  Marine  
  70  10:31  Siege Tank, Refinery  
  70  10:35  Marine  
  73  10:36  Medivac, Refinery  
  73  10:39  Marine  
  77  10:44  Marine  
  77  10:46  Medivac  
  77  10:48  Marine  
  81  10:53  Marine  
  81  10:55  Medivac  
  83  10:57  Hellion  
  83  11:01  Hellion  
  87  11:10  Raven  
  89  11:12  SCV  
  89  11:14  SCV  
  89  11:16  SCV  
  92  11:19  Siege Tank  
  92  11:24  SCV  
  96  11:26  SCV, Siege Tank  
  96  11:28  SCV  
  101  11:34  Siege Tank  
  101  11:35  Supply Depot  
  101  11:36  SCV  
  101  11:38  SCV  
  106  11:40  SCV  
  107  11:48  SCV  
  107  11:50  SCV  
  107  11:51  Siege Tank  
  107  11:52  Terran Infantry Weapons Level 2  
  107  11:53  SCV  
  113  11:59  Supply Depot  
  113  12:00  SCV  
  114  12:03  SCV  
  114  12:05  SCV  
  116  12:11  Infernal Pre-Igniter  
  116  12:13  SCV  
  116  12:15  SCV, Missile Turret  
  118  12:18  Missile Turret  
  118  12:19  Terran Vehicle Weapons Level 1  
  118  12:23  Supply Depot  
  118  12:32  Engineering Bay  
  118  12:38  Marauder  
  118  12:40  Marauder  
  118  12:42  Viking  
  124  12:44  Marine  
  124  12:46  Marine  
  124  12:48  Supply Depot  
  124  12:49  Banshee  
  129  12:57  Terran Infantry Armor Level 2  
  129  12:59  Marine  
  129  13:02  Marine, Marauder  
  129  13:04  Marine  
  134  13:09  Viking  
  134  13:11  Cyclone  
  134  13:12  Supply Depot  
  139  13:17  Marine  
  139  13:18  Banshee  
  143  13:20  Marine  
  143  13:22  Marine  
  143  13:23  Marine  
  133  13:32  Raven  
  111  13:35  Marine  
  111  13:37  Siege Tank  
  111  13:38  Marine  
  111  13:39  Siege Tank  
  111  13:40  Marine  
  111  13:41  Marine  
  112  13:53  Marauder  
  114  13:55  Marine  
  114  13:56  Fusion Core  
  114  13:58  Marine  
  114  13:59  Marine  
  114  14:00  Command Center  
  117  14:13  Marine, Terran Vehicle And Ship Armor Level 1  
  117  14:14  Marauder  
  117  14:16  Marine  
  121  14:17  Marauder  
  121  14:20  Terran Infantry Weapons Level 3  
  123  14:31  Marine  
  123  14:33  Marine  
  125  14:45  Battlecruiser  
  131  14:49  Bunker  
  131  15:15  Refinery  
  131  15:16  Terran Infantry Armor Level 3  
  131  15:21  Missile Turret  
  131  15:24  Missile Turret  
  131  15:25  Refinery  
  131  15:46  Bunker  
  131  16:04  Widow Mine  
  131  16:07  Widow Mine, Terran Vehicle Weapons Level 2  
  135  16:27  High Capacity Fuel Tanks  
  135  16:29  Marine  
  135  16:31  Marine  
  117  16:34  Marine  
  117  16:36  Marine  
  117  16:39  Banshee  
  88  16:44  Raven, Medivac  
  75  16:47  Marine  
  75  16:50  Marauder, Viking  
  75  16:51  Marine  
  75  16:54  Marine, Siege Tank  
  82  16:57  Hi-Sec Auto Tracking  
  83  17:02  SCV x2  
  83  17:03  SCV  
  83  17:05  Marine  
  80  17:09  Marine, Hellion x2  
  80  17:11  Marine x2  
  80  17:14  SCV x2, Viking  
  80  17:15  SCV  
  83  17:20  Viking  
  83  17:22  Medivac  
  80  17:23  Marine  
  80  17:26  SCV x2  
  80  17:27  SCV, Marine, Hellion, Raven  
  80  17:29  Marine, Marauder  
  92  17:31  Hellion, Siege Tank  
  95  17:38  SCV  
  95  17:39  SCV x2  
  95  17:40  Marine  
  99  17:44  Medivac  
  99  17:45  Marine  
  99  17:47  Marine  
  99  17:50  Marine, SCV, Viking  
  107  17:51  SCV  
  107  17:52  SCV, Raven  
  101  17:59  Marauder  
  101  18:03  SCV, Marine  
  101  18:05  Marine, SCV x2  
  108  18:08  Marauder  
  108  18:10  Battlecruiser  
  116  18:14  Command Center  
  116  18:15  SCV  
  116  18:17  SCV  
  116  18:18  SCV  
  119  18:20  Marine, Marauder  
  119  18:22  Terran Vehicle And Ship Armor Level 2  
  119  18:23  Marine  
  119  18:25  Refinery  
  124  18:27  SCV  
  124  18:29  Marine, SCV  
  124  18:30  SCV  
  127  18:34  Banshee  
  127  18:38  Marine  
  127  18:39  SCV, Refinery  
  127  18:40  Marine  
  133  18:41  Marine  
  133  18:47  Marauder  
  136  18:48  SCV  
  137  18:56  Marine  
  137  18:57  Supply Depot  
  137  18:59  Marauder  
  140  19:10  Command Center  
  140  19:18  SCV  
  140  19:22  Marine  
  125  19:24  Marine  
  125  19:27  Marine  
  125  19:30  Marine  
  98  19:34  Hellion  
  98  19:36  Hellion  
  80  19:39  Hellion  
  80  19:42  Marine  
  80  19:45  Marine  
  80  19:48  Marine  
  80  19:50  Viking  
  72  19:52  Viking  
  72  19:55  Marine, Command Center  
  66  20:00  Marine  
  66  20:01  Siege Tank  
  66  20:04  Siege Tank  
  72  20:09  Siege Tank  
  72  20:10  Marine  
  72  20:13  Marine  
  74  20:16  Marine  
  74  20:18  Viking  
  74  20:21  Marine  
  62  20:28  Marine  
  49  20:30  Marine  
  49  20:33  Marine  
  49  20:34  Hellion  
  51  20:36  Siege Tank  
  49  20:48  Marine  
  26  20:59  Command Center  
  29  21:10  SCV  
  27  21:13  Refinery  
  22  21:21  Command Center  
  20  21:36  Supply Depot  
Tags
 
Composition
MMM Bio
Matchup
TvZ
Opening
Pool First
Spawn Locations
Cross Positions
Add a new tag
Caveats
  • Supply blocks, unpowered buildings, or Contaminate may cause inaccurate times.
  • Supply counts are checked every 10 seconds.